 Dungeon Crawl Stone Soup version 0.16-a0-922-gae79c9c (webtiles) character file.

77 Gruud the Shooter (level 4, 3/28 HPs)
             Began as a High Elf Hunter on Sept 30, 2014.
             Quit the game on Level 3 of the Dungeon.
             The game lasted 00:06:01 (1482 turns).

Gruud the Shooter (High Elf Hunter)                 Turns: 1482, Time: 00:06:01

HP   3/28        AC  6     Str 11      XL: 4   Next: 14%
MP   7/7         EV  9     Int 16      God:
Gold 112         SH  0     Dex 15      Spells:  0 memorised,  3 levels left

rFire  . . .     SeeInvis .     b - +1 shortbow
rCold  . . .     Clarity  .     r - +0 ring mail (curse)
rNeg   . . .     rCorr    .     (no shield)
rPois  .         rRot     .     (no helmet)
rElec  .         Spirit   .     o - +0 cloak
SustAb .         Warding  .     (no gloves)
rMut   .         Stasis   .     (no boots)
Gourm  .                        (no amulet)
MR     .....                    (no ring)
                                (no ring)

@: slowed, very slow, not resistant to hostile enchantments, very unstealthy
A: no striking features
a: no special abilities


You were on level 3 of the Dungeon.
You were not hungry.

You visited 1 branch of the dungeon, and saw 3 of its levels.

You collected 112 gold pieces.

Inventory:

Hand weapons
 a - a +0 short sword
 b - a +1 shortbow (weapon)
Missiles
 c - 7 arrows (quivered)
Armour
 o - a +0 cloak (worn)
 r - a cursed +0 ring mail (worn)
Magical devices
 u - a wand of teleportation (2)
Comestibles
 f - 2 bread rations
 l - a slice of pizza
 t - 2 chunks of orc flesh
 w - a meat ration
Scrolls
 e - 2 scrolls of fog {unknown}
 h - 2 scrolls of recharging {unknown}
 j - 2 scrolls of enchant armour {unknown}
 k - 3 scrolls of identify {unknown}
 m - 2 scrolls of remove curse {unknown}
 n - a scroll of magic mapping {unknown}
 p - 2 scrolls of enchant weapon {unknown}
 s - a scroll of fear {unknown}
 v - a scroll of random uselessness {unknown}
Jewellery
 q - an uncursed ring of invisibility {unknown}
Potions
 d - a potion of confusion {unknown}
 g - a potion of might {unknown}
 i - 4 potions of curing {unknown}


   Skills:
 - Level 1.0 Fighting
 + Level 7.5 Bows
 - Level 2.1 Dodging
 - Level 1.1 Stealth


You had 3 spell levels left.
You didn't know any spells.

Dungeon Overview and Level Annotations

Branches:
Dungeon (3/15)

Altars:
Ashenzari
Nemelex Xobeh

Annotations:
D:3 JacquesDerrida's ghost, average DsVM


Message History

* * * LOW HITPOINT WARNING * * *
Firing (i - inventory):
c - 8 arrows (quivered)
Press: ? - help, Shift-Dir - straight line, f/p - orc wizard
Aim: an orc wizard, wielding a dagger and wearing a robe (almost dead, fast)
You shoot an arrow. The arrow hits the orc wizard!
You kill the orc wizard!
You have reached level 4!
Quiver which item? (- for none, * to show all) (? for menu, Esc to quit)
Okay, then.
Are you sure you want to abandon this character and quit the game? (Confirm with "yes".)
Okay, then.
Evoke which item? (* to show all) (? for menu, Esc to quit)
Zapping:
u - a sharpened bone wand
Press: ? - help, Shift-Dir - straight line, f - JacquesDerrida's ghost
Aim: JacquesDerrida's ghost JacquesDerrida's ghost resists.
u - a wand of teleportation {zapped: 1} Quiver which item? (- for none, * to show all) (? for menu, Esc to quit)
Okay, then.
Are you sure you want to abandon this character and quit the game? (Confirm with "yes".)

#.# #.#####.# ### #.#
#.# ...##...# #.# #.#
#...... #.# ##.# ....
######.#####..#####.##
........%...........#
##......########.####
#.##.#.# #.# # #.#.#
#@# #.#.# #..# #.#.#
.⌠.⌠# #.#.# #Woo..#
...# #.(.⌠... #.#
#..(##### ..(.. .....
...


You could see JacquesDerrida's ghost and 2 orcs.

Vanquished Creatures
  An orc wizard (D:3)
  A giant mite (D:3)
  An ooze (D:1)
  3 orcs (D:3)
  2 giant cockroaches
  5 goblins
  8 hobgoblins
  4 jackals (D:3)
  4 kobolds
  5 bats
  3 giant newts
  7 rats
44 creatures vanquished.

Notes
Turn   | Place    | Note
--------------------------------------------------------------
     0 | D:1      | Gruud, the High Elf Hunter, began the quest for the Orb.
     0 | D:1      | Reached XP level 1. HP: 13/13 MP: 2/2
   326 | D:1      | Reached XP level 2. HP: 11/18 MP: 3/3
   350 | D:1      | Reached skill level 6 in Bows
  1042 | D:2      | Reached XP level 3. HP: 21/23 MP: 5/5
  1245 | D:2      | Found a shattered altar of Ashenzari.
  1330 | D:3      | Reached skill level 7 in Bows
  1463 | D:3      | Found a sparkling altar of Nemelex Xobeh.
  1478 | D:3      | Noticed JacquesDerrida's ghost (average DsVM)
  1480 | D:3      | Reached XP level 4. HP: 3/28 MP: 7/7
  1482 | D:3      | Quit the game

Action                   |  1- 3 |  4- 6 || total
-------------------------+-------+-------++-------
Melee: Short sword       |   133 |       ||   133
 Fire: Shortbow          |    53 |       ||    53
Evoke: Wand              |       |     1 ||     1
 Stab: Sleeping          |     1 |       ||     1
  Eat: Chunk             |     2 |       ||     2
